| TOP OF THE 1ST |
|
Corpus Christi Hooks batting - Pitching for Trenton Thunder : RHP Leo Kammerling
|
|
Pitching: RHP Leo Kammerling
|
|
|
Batting: RHB Chris McGrath
|
0-0: Foul Ball, location: 2F 0-1: Foul Ball, location: 2F 0-2: Strikes out swinging
|
|
Batting: RHB Antonio Aranda
|
0-0: Ball 1-0: Ball 2-0: Ball 3-0: Base on Balls
|
|
Batting: LHB Angelo Vasquez
|
0-0: Called Strike Antonio Aranda steals 2nd base (no throw) 0-1: Foul Ball, location: 2F 0-2: Ball 1-2: Ball 2-2: Fly out, F6 (Popup, 15, EV 75.6 MPH)
|
|
Batting: LHB Sean Trueblood
|
0-0: Called Strike 0-1: Called Strike 0-2: Ball 1-2: SINGLE (Groundball, 34D, EV 96.3 MPH) Antonio Aranda to third Runner from 3rd tries for Home, SAFE, throw by RF to home Sean Trueblood to second
|
|
Batting: LHB Daniel Lopez
|
0-0: Foul Ball, location: 2F 0-1: Foul Ball, location: 2F 0-2: Foul Ball, location: 2F 0-2: Foul Ball, location: 2F 0-2: Strikes out swinging
|
| Top of the 1st over - 1 run, 1 hit, 0 errors, 1 left on base; Corpus Christi 1 - Trenton 0 |
| BOTTOM OF THE 1ST |
|
Trenton Thunder batting - Pitching for Corpus Christi Hooks : RHP Bill Garcia
|
|
Pitching: RHP Bill Garcia
|
|
|
Batting: RHB Jeremy Hathcock
|
0-0: Fly out, F2 (Popup, 15S, EV 82.5 MPH)
|
|
Batting: SHB David Bantista
|
0-0: Called Strike 0-1: Ground out 6-3 (Groundball, 6, EV 85.6 MPH)
|
|
Batting: RHB Jeremy Lewis
|
0-0: Ball 1-0: Ground out 6-3 (Groundball, 6M, EV 83.1 MPH)
|
| Bottom of the 1st over - 0 runs, 0 hits, 0 errors, 0 left on base; Corpus Christi 1 - Trenton 0 |
| TOP OF THE 2ND |
|
Corpus Christi Hooks batting - Pitching for Trenton Thunder : RHP Leo Kammerling
|
|
Batting: RHB Antonio Gamez
|
0-0: Ball 1-0: Foul Ball, location: 2F 1-1: Foul Ball, location: 2F 1-2: Ball 2-2: Ball 3-2: Foul Ball, location: 2F 3-2: Strikes out swinging
|
|
Batting: RHB Jordan Williams
|
0-0: Ball 1-0: Ball 2-0: Ball 3-0: Base on Balls
|
|
Batting: RHB Zach Shaughnessy
|
0-0: Ball 1-0: Foul Ball, location: 2F 1-1: Ball 2-1: Called Strike 2-2: Strikes out looking
|
|
Batting: RHB Ray Finkle
|
0-0: Ball 1-0: Ball 2-0: Fly out, F8 (Flyball, 8RM, EV 88.1 MPH)
|
| Top of the 2nd over - 0 runs, 0 hits, 0 errors, 1 left on base; Corpus Christi 1 - Trenton 0 |
| BOTTOM OF THE 2ND |
|
Trenton Thunder batting - Pitching for Corpus Christi Hooks : RHP Bill Garcia
|
|
Batting: RHB Alex Harvey
|
0-0: Ground out 4-3 (Groundball, 4, EV 86.9 MPH)
|
|
Batting: RHB Hector Padilla
|
0-0: Swinging Strike 0-1: Called Strike 0-2: Strikes out swinging
|
|
Batting: SHB Bobby Reynolds
|
0-0: Called Strike 0-1: Ground out 6-3 (Groundball, 4, EV 105.6 MPH)
|
| Bottom of the 2nd over - 0 runs, 0 hits, 0 errors, 0 left on base; Corpus Christi 1 - Trenton 0 |
| TOP OF THE 3RD |
|
Corpus Christi Hooks batting - Pitching for Trenton Thunder : RHP Leo Kammerling
|
|
Batting: RHB Chris McGrath
|
0-0: Ball 1-0: Ball 2-0: Called Strike 2-1: Fly out, F9 (Flyball, 89S, EV 92.5 MPH)
|
|
Batting: RHB Antonio Aranda
|
0-0: Ground out 5-3 (Groundball, 5, EV 108.8 MPH)
|
|
Batting: LHB Angelo Vasquez
|
0-0: Fly out, F7 (Flyball, 7LM, EV 80.6 MPH)
|
| Top of the 3rd over - 0 runs, 0 hits, 0 errors, 0 left on base; Corpus Christi 1 - Trenton 0 |
| BOTTOM OF THE 3RD |
|
Trenton Thunder batting - Pitching for Corpus Christi Hooks : RHP Bill Garcia
|
|
Batting: RHB Jose Garza
|
0-0: Called Strike 0-1: Ball 1-1: Foul Ball, location: 2F 1-2: Strikes out swinging
|
|
Batting: SHB Roberto Castaneda
|
0-0: Ball 1-0: Called Strike 1-1: Called Strike 1-2: Ball 2-2: Ball 3-2: Ground out 3-1 (Groundball, 34, EV 107.5 MPH)
|
|
Batting: RHB Eric Blais
|
0-0: Fly out, F7 (Flyball, 7S, EV 77.5 MPH)
|
| Bottom of the 3rd over - 0 runs, 0 hits, 0 errors, 0 left on base; Corpus Christi 1 - Trenton 0 |
| TOP OF THE 4TH |
|
Corpus Christi Hooks batting - Pitching for Trenton Thunder : RHP Leo Kammerling
|
|
Batting: LHB Sean Trueblood
|
0-0: Called Strike 0-1: Ground out U3 (Groundball, 3, EV 79.4 MPH)
|
|
Batting: LHB Daniel Lopez
|
0-0: Called Strike 0-1: Ball 1-1: Ball 2-1: Ball 3-1: Ground out 4-3 (Groundball, 34D, EV 98.1 MPH)
|
|
Batting: RHB Antonio Gamez
|
0-0: Fly out, F6 (Line Drive, 6, EV 71.9 MPH)
|
| Top of the 4th over - 0 runs, 0 hits, 0 errors, 0 left on base; Corpus Christi 1 - Trenton 0 |
| BOTTOM OF THE 4TH |
|
Trenton Thunder batting - Pitching for Corpus Christi Hooks : RHP Bill Garcia
|
|
Batting: RHB Jeremy Hathcock
|
0-0: Called Strike 0-1: Ground out 5-3 (Groundball, 56S, EV 88.1 MPH)
|
|
Batting: SHB David Bantista
|
0-0: Ball 1-0: Called Strike 1-1: Foul Ball, location: 2F 1-2: Strikes out looking
|
|
Batting: RHB Jeremy Lewis
|
0-0: Swinging Strike 0-1: SINGLE (Groundball, 56S, EV 71.3 MPH) (infield hit)
|
|
Batting: RHB Alex Harvey
|
0-0: Ball 1-0: Ball 2-0: Ball Jeremy Lewis steals 2nd base 3-0: Called Strike 3-1: 2-RUN HOME RUN (Flyball, 7LD, EV 98.1 MPH), Distance : 372 ft
|
|
Batting: RHB Hector Padilla
|
0-0: Called Strike 0-1: Called Strike 0-2: Strikes out swinging
|
| Bottom of the 4th over - 2 runs, 2 hits, 0 errors, 0 left on base; Corpus Christi 1 - Trenton 2 |
| TOP OF THE 5TH |
|
Corpus Christi Hooks batting - Pitching for Trenton Thunder : RHP Leo Kammerling
|
|
Batting: RHB Jordan Williams
|
0-0: Foul Ball, location: 2F 0-1: Foul Ball, location: 2F 0-2: Foul Ball, location: 2F 0-2: Strikes out swinging
|
|
Batting: RHB Zach Shaughnessy
|
0-0: Called Strike 0-1: Ball 1-1: Ball 2-1: Foul Ball, location: 2F 2-2: Ground out 5-3 (Groundball, 5, EV 83.8 MPH)
|
|
Batting: RHB Ray Finkle
|
0-0: Foul Ball, location: 2F 0-1: Ball 1-1: Ground out 5-3 (Groundball, 5S, EV 83.8 MPH)
|
| Top of the 5th over - 0 runs, 0 hits, 0 errors, 0 left on base; Corpus Christi 1 - Trenton 2 |
| BOTTOM OF THE 5TH |
|
Trenton Thunder batting - Pitching for Corpus Christi Hooks : RHP Bill Garcia
|
|
Batting: SHB Bobby Reynolds
|
0-0: Foul Ball, location: 2F 0-1: Ground out 4-3 (Groundball, 4S, EV 83.1 MPH)
|
|
Batting: RHB Jose Garza
|
0-0: Swinging Strike 0-1: Called Strike 0-2: Ground out 5-3 (Groundball, 56, EV 83.1 MPH)
|
|
Batting: SHB Roberto Castaneda
|
0-0: Called Strike 0-1: Fly out, F8 (Flyball, 78S, EV 90.6 MPH)
|
| Bottom of the 5th over - 0 runs, 0 hits, 0 errors, 0 left on base; Corpus Christi 1 - Trenton 2 |
| TOP OF THE 6TH |
|
Corpus Christi Hooks batting - Pitching for Trenton Thunder : RHP Leo Kammerling
|
|
Batting: RHB Chris McGrath
|
0-0: Called Strike 0-1: Foul Ball, location: 2F 0-2: Ball 1-2: SINGLE (Line Drive, 78S, EV 93.1 MPH)
|
|
Batting: RHB Antonio Aranda
|
0-0: Ball 1-0: Called Strike 1-1: Ball 2-1: Ball 3-1: Base on Balls Chris McGrath to second
|
|
Batting: LHB Angelo Vasquez
|
0-0: Foul Ball, location: 2F 0-1: Ball 1-1: Swinging Strike 1-2: Ball 2-2: Ball 3-2: Strikes out swinging Chris McGrath steals 3rd base Batter strikes out. Antonio Aranda to second
|
|
Batting: LHB Sean Trueblood
|
0-0: Ball 1-0: Foul Ball, location: 2F 1-1: Swinging Strike 1-2: Foul Ball, location: 2F 1-2: Strikes out swinging
|
|
Batting: LHB Daniel Lopez
|
0-0: Ball 1-0: Called Strike 1-1: Ball 2-1: 3-RUN HOME RUN (Flyball, 9D, EV 99.4 MPH), Distance : 387 ft
|
|
Batting: RHB Antonio Gamez
|
0-0: Called Strike 0-1: Ball 1-1: Foul Ball, location: 2F 1-2: Ball 2-2: Strikes out looking
|
| Top of the 6th over - 3 runs, 2 hits, 0 errors, 0 left on base; Corpus Christi 4 - Trenton 2 |
| BOTTOM OF THE 6TH |
|
Trenton Thunder batting - Pitching for Corpus Christi Hooks : RHP Bill Garcia
|
|
Batting: RHB Eric Blais
|
0-0: Ball 1-0: Swinging Strike 1-1: Foul Ball, location: 2F 1-2: Fly out, F7 (Flyball, 78S, EV 83.8 MPH)
|
|
Batting: RHB Jeremy Hathcock
|
0-0: Foul Ball, location: 2F 0-1: Ball 1-1: Foul Ball, location: 2F 1-2: Fly out, F8 (Flyball, 8LD, EV 85.0 MPH)
|
|
Batting: SHB David Bantista
|
0-0: Called Strike 0-1: Ball 1-1: Ball 2-1: SINGLE (Line Drive, 7LS, EV 94.4 MPH)
|
|
Pitching: RHP Isaiah McLaurin
|
|
|
Batting: RHB Jeremy Lewis
|
0-0: Foul Ball, location: 2F 0-1: Swinging Strike 0-2: Ball Pickoff Throw to First - Out! 1-3
|
| Bottom of the 6th over - 0 runs, 1 hit, 0 errors, 0 left on base; Corpus Christi 4 - Trenton 2 |
| TOP OF THE 7TH |
|
Corpus Christi Hooks batting - Pitching for Trenton Thunder : RHP Leo Kammerling
|
|
Batting: RHB Jordan Williams
|
0-0: Ball 1-0: Called Strike 1-1: Swinging Strike 1-2: Foul Ball, location: 2F 1-2: Ball 2-2: DOUBLE (Line Drive, 8RXD, EV 106.3 MPH)
|
|
Pitching: RHP Nick Howard
|
|
|
Batting: RHB Zach Shaughnessy
|
0-0: Ball 1-0: Ball 2-0: Ball 3-0: Foul Ball, location: 2F 3-1: Called Strike 3-2: Base on Balls
|
|
Batting: RHB Ray Finkle
|
0-0: Bunt missed! 0-1: Bunted foul 0-2: Fly out, F8 (Flyball, 8RD, EV 78.1 MPH)
|
|
Batting: RHB Chris McGrath
|
0-0: Called Strike 0-1: Ball 1-1: Ball 2-1: Ball 3-1: Grounds into double play, 3-6-3 (Groundball, 34, EV 101.3 MPH)
|
| Top of the 7th over - 0 runs, 1 hit, 0 errors, 1 left on base; Corpus Christi 4 - Trenton 2 |
| BOTTOM OF THE 7TH |
|
Trenton Thunder batting - Pitching for Corpus Christi Hooks : RHP Isaiah McLaurin
|
|
Batting: RHB Jeremy Lewis
|
0-0: Swinging Strike 0-1: Ball 1-1: Foul Ball, location: 2F 1-2: Hit by Pitch
|
|
Batting: RHB Alex Harvey
|
0-0: Ball 1-0: Ball 2-0: Fly out, F7 (Flyball, 7S, EV 71.9 MPH)
|
|
Batting: RHB Hector Padilla
|
0-0: Called Strike 0-1: Ball 1-1: Ball 2-1: Ball 3-1: SINGLE (Groundball, 6D, EV 98.8 MPH) Jeremy Lewis to second Runner from 2nd tries for 3rd, OUT! 8-5
|
|
Batting: SHB Bobby Reynolds
|
0-0: Called Strike Hector Padilla steals 2nd base 0-1: Foul Ball, location: 2F 0-2: Strikes out swinging
|
| Bottom of the 7th over - 0 runs, 1 hit, 0 errors, 1 left on base; Corpus Christi 4 - Trenton 2 |
| TOP OF THE 8TH |
|
Corpus Christi Hooks batting - Pitching for Trenton Thunder : RHP Nick Howard
|
|
Batting: RHB Antonio Aranda
|
0-0: Foul Ball, location: 2F 0-1: Foul Ball, location: 2F 0-2: Ball 1-2: Ball 2-2: Ground out 5-3 (Groundball, 56S, EV 71.9 MPH)
|
|
Batting: LHB Angelo Vasquez
|
0-0: Ball 1-0: Foul Ball, location: 2F 1-1: Hit by Pitch
|
|
Batting: LHB Sean Trueblood
|
0-0: Ball 1-0: Ball 2-0: Called Strike 2-1: Foul Ball, location: 2F 2-2: Ball 3-2: Strikes out swinging
|
|
Batting: LHB Daniel Lopez
|
0-0: Foul Ball, location: 2F 0-1: Ball 1-1: Ball 2-1: Ball 3-1: Ground out 4-3 (Groundball, 34, EV 103.8 MPH)
|
| Top of the 8th over - 0 runs, 0 hits, 0 errors, 1 left on base; Corpus Christi 4 - Trenton 2 |
| BOTTOM OF THE 8TH |
|
Trenton Thunder batting - Pitching for Corpus Christi Hooks : RHP Isaiah McLaurin
|
|
Batting: RHB Jose Garza
|
0-0: Ground out 3-1 (Groundball, 34, EV 79.4 MPH)
|
|
Batting: SHB Roberto Castaneda
|
0-0: Swinging Strike 0-1: Ground out 4-3 (Groundball, 4, EV 83.8 MPH)
|
|
Batting: RHB Eric Blais
|
0-0: Swinging Strike 0-1: Foul Ball, location: 2F 0-2: Foul Ball, location: 2F 0-2: Ball 1-2: Ball 2-2: Strikes out swinging
|
| Bottom of the 8th over - 0 runs, 0 hits, 0 errors, 0 left on base; Corpus Christi 4 - Trenton 2 |
| TOP OF THE 9TH |
|
Corpus Christi Hooks batting - Pitching for Trenton Thunder : RHP Nick Howard
|
|
Pitching: RHP Jose Ricoy
|
|
|
Batting: RHB Antonio Gamez
|
0-0: Ball 1-0: Foul Ball, location: 2F 1-1: Ground out 4-3 (Groundball, 4, EV 81.9 MPH)
|
|
Batting: RHB Jordan Williams
|
0-0: Fly out, F9 (Flyball, 9D, EV 104.4 MPH)
|
|
Batting: RHB Zach Shaughnessy
|
0-0: Ball 1-0: Ball 2-0: Foul Ball, location: 2F 2-1: Fly out, F8 (Flyball, 78M, EV 91.3 MPH)
|
| Top of the 9th over - 0 runs, 0 hits, 0 errors, 0 left on base; Corpus Christi 4 - Trenton 2 |
| BOTTOM OF THE 9TH |
|
Trenton Thunder batting - Pitching for Corpus Christi Hooks : RHP Isaiah McLaurin
|
|
Batting: RHB Jeremy Hathcock
|
0-0: Ball 1-0: Ball 2-0: Ground out U3 (Groundball, 34S, EV 78.1 MPH)
|
|
Batting: SHB David Bantista
|
0-0: Called Strike 0-1: Ball 1-1: Foul Ball, location: 2F 1-2: Strikes out swinging
|
|
Batting: RHB Jeremy Lewis
|
0-0: Ball 1-0: Ball 2-0: Ball 3-0: Called Strike 3-1: Base on Balls
|
|
Batting: RHB Alex Harvey
|
0-0: Swinging Strike 0-1: Ball 1-1: Ball 2-1: Foul Ball, location: 2F 2-2: SINGLE (Groundball, 6S, EV 97.5 MPH) Jeremy Lewis to second
|
|
Batting: RHB Hector Padilla
|
0-0: Swinging Strike 0-1: Swinging Strike 0-2: Ball 1-2: Foul Ball, location: 2F 1-2: Fly out, F8 (Flyball, 8RM, EV 81.9 MPH)
|
| Bottom of the 9th over - 0 runs, 1 hit, 0 errors, 2 left on base; Corpus Christi 4 - Trenton 2 |
|